 Dungeon Crawl Stone Soup version 0.19.5 (webtiles) character file.

3689 Monsterracer the Fighter (level 10, -8/111 HPs)
             Began as an Ogre Arcane Marksman on Sept 2, 2017.
             Was an Elder of Okawaru.
             Mangled by an orc warrior
             ... wielding a +0 dire flail
              (17 damage)
             ... on level 8 of the Dungeon.
             The game lasted 00:22:38 (7010 turns).

Monsterracer the Fighter (Ogre Arcane Marksman)     Turns: 7010, Time: 00:22:38

Health: -8/111     AC: 13    Str: 26    XL:     10   Next: 13%
Magic:  13/13      EV: 14    Int: 12    God:    Okawaru [****..]
Gold:   323        SH:  0    Dex:  9    Spells: 2 memorised, 9 levels left

rFire  . . .     SeeInvis .     a - +2 flail (protect)
rCold  . . .     Gourm    .     e - +1 robe {rN+}
rNeg   + . .     Faith    .     (no shield)
rPois  +         Spirit   .     (helmet restricted)
rElec  .         Reflect  .     o - +1 cloak
rCorr  +         Harm     .     (gloves unavailable)
MR     +....                    (boots unavailable)
Stlth  +++.......               q - amulet of regeneration
                                s - ring of poison resistance
                                g - ring of resist corrosion

@: mighty, lethally poisoned (-8 -> -8), heroism, protection aura
A: unfitting armour, tough skin 1
a: Heroism, Renounce Religion


You were on level 8 of the Dungeon.
You worshipped Okawaru.
Okawaru was greatly pleased with you.
You were not hungry.

You visited 2 branches of the dungeon, and saw 9 of its levels.

You collected 381 gold pieces.
You spent 58 gold pieces at shops.

Inventory:

Hand Weapons
 a - a +2 flail of protection (weapon)
 b - a +2 flail of holy wrath
 y - a +0 giant spiked club
Missiles
 c - 4 large rocks
 d - 3 throwing nets
 E - 213 stones (quivered)
Armour
 e - a +1 robe of positive energy (worn)
 o - a +1 cloak (worn)
Jewellery
 g - a ring of resist corrosion (left hand)
 q - an amulet of regeneration (around neck)
 s - a ring of poison resistance (right hand)
Wands
 r - a wand of flame (29/48)
 A - a wand of lightning (10/15)
 I - a wand of acid (4/15)
Scrolls
 i - 2 scrolls of remove curse
 j - a scroll of enchant weapon
 x - 2 scrolls of fog
Potions
 h - 4 potions of cancellation
 k - 3 potions of invisibility {unknown}
 n - 6 potions of curing
 t - 2 potions of agility {unknown}
 u - 2 potions of magic
 v - a potion of beneficial mutation {unknown}
 z - a potion of heal wounds {unknown}
 C - a potion of ambrosia {unknown}
 F - a potion of flight {unknown}
 H - a potion of cure mutation {unknown}
 J - 2 potions of brilliance {unknown}
Comestibles
 f - 8 bread rations
 l - 2 royal jellies
 m - 2 fruits
 p - 7 meat rations
 B - 6 chunks of flesh
 D - 3 beef jerkies
 G - 2 slices of pizza


   Skills:
 * Level 10.4(15.4) Fighting
 * Level 9.9(14.9) Maces & Flails
 + Level 5.9(10.9) Throwing
 + Level 4.8(9.8) Dodging
 - Level 1.2 Spellcasting
 - Level 2.1 Hexes
 + Level 5.0 Invocations


You had 9 spell levels left.
You knew the following spells:

 Your Spells              Type           Power        Failure   Level  Hunger
a - Corona                Hex            #......      14%         1    ##.....
z - Apportation           Tloc           #.........   34%         1    ##.....


Dungeon Overview and Level Annotations

Branches:
Dungeon (8/15)             Temple (1/1) D:4
   Lair: D:8-11

Altars:
Ashenzari
Cheibriados
Dithmenos
Elyvilon
Fedhas
Gozag
Hepliaklqana
Kikubaaqudgha
Makhleb
Nemelex Xobeh
Okawaru
Qazlal
Ru
Sif Muna
Trog
Uskayaw
Vehumet
Xom
Yredelemnul
Zin
The Shining One

Shops:
D:4 :[(*   D:6 =


Innate Abilities, Weirdness & Mutations

You are too large for most types of armour.
You have tough skin. (AC +1)


Message History

Okay, then.
Okay, then.
You barely miss the orc warrior.
The orc warrior hits you with a dire flail.
* * * LOW HITPOINT WARNING * * *
Damage: -2%(-2hp) hp: 8%(8hp) Unknown command.
You closely miss the orc warrior.
You feel sick.
You hit the orc warrior. You punch the orc warrior.
The orc warrior is moderately wounded.
The orc warrior barely misses you.
You closely miss the orc warrior.
The orc warrior is moderately wounded.
You barely miss the orc warrior.
The orc warrior is moderately wounded.
The orc warrior closely misses you.
You barely miss the orc warrior.
The orc warrior is moderately wounded.
The orc warrior hits you with a dire flail!
You die...

#.####.#######.....##.#.########
#.........# ##.......#.#....###
.........#.# #....#..#.#..#.#..
.........#.#####....#..#....#.#..
.........#.......####..#....#.#.#
##.#......######.# #......|..)##
#........## #.#####.#.........
#####+#...### #.....#.##...(.###
#.....# #@# #...........
.....#.#y###o### #####(#.....
#....##.Z.o.yoo.# #.....#.....
###.. ##.####.#.# #.##........
#.. .... ....# #...........
##.y###.# #.### ###......... #..
.# #.# #......... .# #.#
#......... #.. #.........


You could see an orc warrior, a killer bee and 2 orcs.

Vanquished Creatures
  Grinder (D:4)
  A hippogriff (D:8)
  Sigmund (D:4)
  2 orc warriors (D:6)
  A phantom (D:5)
  2 ogres
  4 centaurs
  A big kobold (D:7)
  6 bullfrogs
  The ghost of Alarak the Cudgeler, a weakling OgBe of Trog (D:3)
  A scorpion (D:4)
  8 killer bees (D:8)
  3 howler monkeys
  8 wights
  4 crimson imps
  3 jellies
  2 centaur skeletons
  6 orc priests
  3 hounds
  4 orc wizards
  2 worker ants (D:6)
  A killer bee zombie (D:5)
  4 hound skeletons
  A worker ant zombie (D:5)
  A howler monkey skeleton (D:3)
  13 adders
  2 shadow imps (D:6)
  5 oozes
  An adder skeleton (D:4)
  A worm (D:2)
  5 leopard geckos
  13 orcs
  A bat (D:3)
  8 giant cockroaches
  13 goblins
  6 hobgoblins
  4 jackals (D:3)
  2 quokkas
  A ball python (D:1)
  5 frilled lizards
  13 kobolds
  A leopard gecko skeleton (D:7)
  A leopard gecko zombie (D:8)
  2 quokka skeletons
  10 rats
178 creatures vanquished.

Notes
Turn   | Place    | Note
-------+----------+-------------------------------------------
     0 | D:1      | Monsterracer the Ogre Arcane Marksman began the quest for the Orb.
     0 | D:1      | Reached XP level 1. HP: 19/19 MP: 2/2
     2 | D:1      | Reached skill level 2 in Fighting
    21 | D:1      | Reached XP level 2. HP: 29/29 MP: 3/3
   216 | D:1      | Reached skill level 3 in Fighting
   656 | D:1      | Reached skill level 1 in Maces & Flails
   656 | D:1      | Reached XP level 3. HP: 37/37 MP: 4/4
  1384 | D:2      | HP: 18/37 [poisoned by an adder]
  1389 | D:2      | HP: 18/37 [poisoned by an adder]
  1394 | D:2      | HP: 17/37 [poisoned by an adder]
  1583 | D:2      | HP: 17/39 [adder (4)]
  1584 | D:2      | Reached XP level 4. HP: 21/48 MP: 5/5
  1588 | D:2      | HP: 15/48 [leopard gecko (2)]
  1593 | D:2      | HP: 10/48 [poisoned by an adder]
  1598 | D:2      | HP: 8/48 [worm (4)]
  1605 | D:2      | HP: 10/48 [poisoned by an adder]
  1779 | D:2      | Reached skill level 4 in Fighting
  2320 | D:3      | Reached XP level 5. HP: 34/55 MP: 6/6
  2385 | D:3      | Noticed Alarak's ghost (weakling OgBe)
  2399 | D:3      | Killed Alarak's ghost
  2530 | D:3      | Reached skill level 5 in Fighting
  3019 | D:4      | Noticed a centaur
  3029 | D:4      | Killed a centaur
  3029 | D:4      | Reached XP level 6. HP: 59/66 MP: 7/7
  3066 | D:4      | Found a staircase to the Ecumenical Temple.
  3072 | Temple   | Entered the Ecumenical Temple
  3081 | D:4      | Noticed Sigmund
  3258 | Temple   | Became a worshipper of Warmaster Okawaru
  3287 | D:4      | Killed Sigmund
  3287 | D:4      | Reached skill level 1 in Invocations
  3287 | D:4      | Reached XP level 7. HP: 41/74 MP: 8/8
  3358 | D:4      | Reached skill level 6 in Fighting
  3419 | D:4      | Found Houclatzo's Armour Emporium.
  3428 | D:4      | Bought a +0 cloak for 58 gold pieces
  3491 | D:4      | Found Poeseips's Book Shoppe.
  3525 | D:4      | Found Tuys's Antique Weapon Boutique.
  3539 | D:4      | Noticed Grinder
  3540 | D:4      | Paralysed by Grinder for 5 turns
  3554 | D:4      | Paralysed by Grinder for 6 turns
  3574 | D:4      | Killed Grinder
  3574 | D:4      | Reached * piety under Okawaru
  3574 | D:4      | Reached skill level 5 in Maces & Flails
  3681 | D:4      | Found Saer's Assorted Antiques.
  3882 | D:5      | Entered Level 5 of the Dungeon
  4054 | D:5      | Reached XP level 8. HP: 82/84 MP: 9/9
  4210 | D:5      | Reached skill level 7 in Fighting
  4232 | D:5      | HP: 37/87 [orc priest/nerve-wracking pain (7)]
  5058 | D:6      | Reached ** piety under Okawaru
  5110 | D:6      | Reached skill level 8 in Fighting
  5152 | D:6      | HP: 43/88 [orc warrior/scimitar (22)]
  5154 | D:6      | HP: 19/88 [orc warrior/scimitar (20)]
  5160 | D:6      | Reached XP level 9. HP: 24/97 MP: 11/11
  5347 | D:6      | Found Okhlydeg's Jewellery Shop.
  5482 | D:6      | Reached skill level 5 in Throwing
  6012 | D:7      | Reached *** piety under Okawaru
  6012 | D:7      | Reached skill level 9 in Fighting
  6067 | D:7      | Found an iron altar of Okawaru.
  6652 | D:8      | Learned a level 1 spell: Apportation
  6803 | D:8      | Reached **** piety under Okawaru
  6906 | D:8      | Reached XP level 10. HP: 105/110 MP: 13/13
  6954 | D:8      | Reached skill level 10 in Fighting
  6987 | D:8      | HP: 55/110 [killer bee (3)]
  6992 | D:8      | HP: 44/110 [poisoned by a killer bee]
  6997 | D:8      | Reached skill level 5 in Invocations
  6997 | D:8      | HP: 33/111 [poisoned by a killer bee]
  7004 | D:8      | HP: 10/111 [orc warrior/dire flail (26)]
  7010 | D:8      | Mangled by an orc warrior

Skill      XL: |  1  2  3  4  5  6  7  8  9 10 |
---------------+-------------------------------+-----
Fighting       | 2 3 4 5 6 8 9 10 | 10.4
Maces & Flails | 1 2 3 4 6 7 9 |  9.9
Dodging        | 2 3 4 |  4.8
Throwing       | 3 4 5 |  5.9
Invocations    | 1 2 3 4 5 |  5.0
Spellcasting   | |  1.2
Hexes          | |  2.1

Action                   |  1- 3 |  4- 6 |  7- 9 | 10-12 || total
-------------------------+-------+-------+-------+-------++-------
Melee: Unarmed           |     3 |       |       |       ||     3
       Club              |    43 |       |       |       ||    43
       Whip              |   109 |    17 |       |       ||   126
       Mace              |       |   109 |       |       ||   109
       Flail             |       |    37 |   448 |    58 ||   543
       Punch             |       |       |       |     2 ||     2
Throw: Large rock        |     7 |     8 |     5 |       ||    20
       Stone             |     4 |     1 |   112 |       ||   117
 Cast: Corona            |     3 |     1 |       |       ||     4
Invok: Heroism           |       |       |       |     1 ||     1
  Use: Scroll            |       |     6 |    10 |       ||    16
       Potion            |       |       |       |     1 ||     1
 Stab: Sleeping          |     1 |       |       |       ||     1
  Eat: Chunk             |     2 |     6 |    11 |       ||    19
       Pizza             |       |       |     1 |       ||     1
Armor: Robe              |    43 |    48 |   161 |    30 ||   282
Dodge: Dodged            |    98 |   109 |   219 |    67 ||   493
